 Dungeon Crawl Stone Soup version 0.30.1 (webtiles) character file.

Game seed: 1801413422255630536

238 cayman329 the Chopper (level 6, -4/53 HPs)
             Began as a Gnoll Cinder Acolyte on July 3, 2023.
             Was a High Priest of Ignis.
             Succumbed to a gnoll sergeant's poison
             ... on level 5 of the Dungeon.
             The game lasted 00:06:37 (4371 turns).

cayman329 the Chopper (Gnoll Cinder Acolyte)        Turns: 4371, Time: 00:06:37

Health: -4/53      AC: 14    Str: 13    XL:     6   Next: 7%
Magic:  9/11       EV: 10    Int: 14    God:    Ignis [*****.]
Gold:   259        SH:  0    Dex:  9    Spells: 8/11 levels left

rFire   + . .        F - +2 dagger (drain)
rCold   . . .        (no shield)
rNeg    . . .        h - +0 ring mail
rPois   .            m - +0 helmet
rElec   .            (no cloak)
rCorr   .            (no gloves)
SInv    .            s - +0 pair of boots
Will    .....        (no amulet)
Stlth   +            (no ring)
HPRegen 0.28/turn    (no ring)
MPRegen 0.12/turn

%: no passive effects
@: lethally poisoned (-4 -> -25), fiery-armoured, hasted, very quick
A: fangs 1, strong nose, distributed training
a: Renounce Religion, Fiery Armour, Foxfire Swarm, Rising Flame


You were on level 5 of the Dungeon.
You worshipped Ignis.
Ignis was extremely pleased with you.
You visited 1 branch of the dungeon, and saw 5 of its levels.

You collected 259 gold pieces.

Inventory:

Hand Weapons
 a - a -1 hand axe of flaming
 f - a +0 dagger of venom
 l - a +0 short sword
 w - a +0 spear
 A - a +0 morningstar
 F - a +2 dagger of draining (weapon)
Missiles
 v - 16 stones (quivered)
 B - 8 poisoned darts
 G - a boomerang
Armour
 b - a +0 robe
 g - a +0 leather armour
 h - a +0 ring mail (worn)
 m - a +0 helmet (worn)
 s - a +0 pair of boots (worn)
 C - a +0 tower shield
Jewellery
 r - a ring of fire
Scrolls
 d - 2 scrolls of vulnerability {unknown}
 e - a scroll of summoning {unknown}
 i - a scroll of poison {unknown}
 n - 2 scrolls of fog {unknown}
 o - a scroll of blinking {unknown}
 q - a scroll of enchant weapon {unknown}
 x - 3 scrolls of identify {unknown}
 y - a scroll of fear {unknown}
 E - 2 scrolls of teleportation {unknown}
 H - a scroll of immolation {unknown}
Potions
 c - 2 potions of haste
 j - 2 potions of mutation {unknown}
 k - a potion of curing {unknown}
 p - a potion of lignification {unknown}
 t - a potion of might {unknown}
 u - 2 potions of degeneration {unknown}
 z - a potion of brilliance {unknown}
 D - a potion of heal wounds {unknown}


   Skills:
 + Level 6.8 Fighting
 + Level 1.8 Short Blades
 + Level 1.8 Long Blades
 + Level 6.8 Axes
 + Level 1.8 Maces & Flails
 + Level 1.8 Polearms
 + Level 1.8 Staves
 + Level 1.8 Ranged Weapons
 + Level 1.8 Throwing
 + Level 1.8 Armour
 + Level 1.8 Dodging
 + Level 1.8 Stealth
 + Level 1.8 Shields
 + Level 1.8 Unarmed Combat
 + Level 3.3 Spellcasting
 + Level 1.4 Conjurations
 + Level 1.4 Hexes
 + Level 1.4 Summonings
 + Level 1.4 Necromancy
 + Level 1.4 Translocations
 + Level 1.4 Transmutations
 + Level 5.6 Fire Magic
 + Level 1.4 Ice Magic
 + Level 1.4 Air Magic
 + Level 1.4 Earth Magic
 + Level 1.4 Poison Magic
 + Level 2.0 Invocations
 + Level 1.8 Evocations


You had 8 spell levels left.
You knew the following spells:

 Your Spells              Type           Power      Damage    Failure   Level
a - Scorch                Fire           36%        2d6       6%          2
b - Slow                  Hex            24%        N/A       24%         1

Your spell library contained the following spells:

 Spells                   Type           Power      Damage    Failure   Level
 Vhi's Electric Charge    Tloc/Air       12%        N/A       58%         3
 Leda's Liquefaction      Hex/Erth       3%         N/A       94%         4
 Passage of Golubria      Tloc           6%         N/A       94%         4


Dungeon Overview and Level Annotations

Branches:
Dungeon (5/15)
 Temple: D:4-7

Altars:
Ashenzari

Shops:
D:2 :


Innate Abilities, Weirdness & Mutations

You have very sharp teeth.
Your uncanny sense of smell can sniff out nearby items.
Your experience applies equally to all skills.


Message History

The gnoll sergeant is lightly wounded.
The gnoll sergeant's fire resistance burns away.
The gnoll sergeant hits you from afar with a +4 trident of venom!
You are poisoned.
A protective cloak of flame settles atop you.
You feel very sick. The gnoll sergeant barely misses you.
You feel very sick.
The gnoll sergeant hits you but does no damage.
You are more poisoned.
The gnoll sergeant is burned terribly!
The gnoll sergeant is burned by your cloak of flames.
The gnoll sergeant is moderately wounded.
You hit the gnoll sergeant but do no damage.
The gnoll sergeant is moderately wounded.
You feel very sick.
The gnoll sergeant is no longer more vulnerable to fire.
You barely miss the gnoll sergeant.
The gnoll sergeant is moderately wounded.
You feel very sick.
The gnoll sergeant hits you but does no damage.
The gnoll sergeant is burned by your cloak of flames.
The gnoll sergeant is moderately wounded.
You barely miss the gnoll sergeant.
The gnoll sergeant is moderately wounded.
You feel very sick.
The gnoll sergeant hits you with a +4 trident of venom.
* * * LOW HITPOINT WARNING * * *
You are lethally poisoned!
You hit the gnoll sergeant but do no damage.
The gnoll sergeant is moderately wounded.
* * * LOW HITPOINT WARNING * * *
You feel very sick.
The gnoll sergeant hits you with a +4 trident of venom!
* * * LOW HITPOINT WARNING * * *
The gnoll sergeant is burned by your cloak of flames.
The gnoll sergeant is heavily wounded.
Unknown command.
It was a potion of haste.
You feel yourself speed up.
You die...

....... #........# #######
#........# #.#'######
#.#.# ##.#.# #g.#.#
############# #..#<.
.......<.....
###.######################
#.......g@.........).....#
#.#.####################..
#.#.# ### #.#.# #...#
#####


You could see a gnoll sergeant.

Vanquished Creatures
  A phantom (D:4)
  A hound (D:4)
  An orc priest (D:4)
  An orc wizard (D:3)
  An adder (D:4)
  A worm (D:3)
  6 dart slugs
  8 orcs
  7 endoplasms
  A giant cockroach (D:1)
  3 hobgoblins
  3 quokkas
  6 ball pythons
  4 bats
  2 frilled lizards (D:1)
  4 kobolds
  A rat (D:1)
51 creatures vanquished.

Notes
Turn   | Place    | Note
-------+----------+-------------------------------------------
     0 | D:1      | cayman329 the Gnoll Cinder Acolyte began the quest for the
                  | Orb.
     0 | D:1      | Reached XP level 1. HP: 23/23 MP: 4/4
   172 | D:1      | Reached XP level 2. HP: 28/29 MP: 5/5
   175 | D:1      | Learned a level 2 spell: Scorch
   713 | D:1      | Reached XP level 3. HP: 35/35 MP: 1/7
  1178 | D:2      | Found a broken altar of Ashenzari.
  1619 | D:2      | Reached skill level 1 in Invocations
  1678 | D:2      | Found Reeq's Vocational Training.
  1689 | D:2      | Got Sif Muna's Annotations on the Jinx and Movement
  2332 | D:2      | Reached skill level 1 in Short Blades
  2332 | D:2      | Reached skill level 1 in Long Blades
  2332 | D:2      | Reached skill level 1 in Maces & Flails
  2332 | D:2      | Reached skill level 1 in Polearms
  2332 | D:2      | Reached skill level 1 in Staves
  2332 | D:2      | Reached skill level 1 in Ranged Weapons
  2332 | D:2      | Reached skill level 1 in Throwing
  2332 | D:2      | Reached skill level 1 in Armour
  2332 | D:2      | Reached skill level 1 in Dodging
  2332 | D:2      | Reached skill level 1 in Stealth
  2332 | D:2      | Reached skill level 1 in Shields
  2332 | D:2      | Reached skill level 1 in Unarmed Combat
  2332 | D:2      | Reached skill level 1 in Evocations
  2507 | D:3      | Reached XP level 4. HP: 38/41 MP: 3/8
  2732 | D:3      | Reached skill level 1 in Conjurations
  2732 | D:3      | Reached skill level 1 in Hexes
  2732 | D:3      | Reached skill level 1 in Summonings
  2732 | D:3      | Reached skill level 1 in Necromancy
  2732 | D:3      | Reached skill level 1 in Translocations
  2732 | D:3      | Reached skill level 1 in Transmutations
  2732 | D:3      | Reached skill level 1 in Ice Magic
  2732 | D:3      | Reached skill level 1 in Air Magic
  2732 | D:3      | Reached skill level 1 in Earth Magic
  2732 | D:3      | Reached skill level 1 in Poison Magic
  3038 | D:3      | Learned a level 1 spell: Slow
  3411 | D:4      | Reached XP level 5. HP: 40/47 MP: 6/9
  3847 | D:4      | Noticed a phantom
  3860 | D:4      | Killed a phantom
  3861 | D:4      | Reached XP level 6. HP: 46/53 MP: 0/11
  4280 | D:5      | Entered Level 5 of the Dungeon
  4370 | D:5      | HP: 1/53 [gnoll sergeant/+4 trident of venom (9)]
  4371 | D:5      | Succumbed to a gnoll sergeant's poison

Illustrated notes

Levels and vault maps discovered:
D:1:      lemuel_arrival_behind_the_door_large, layout_basic
D:2:      layout_basic, basic_altar, supply_closet_lemuel,
          nicolae_shop_vocational
D:3:      layout_basic
D:4:      layout_rooms
D:5:      minmay_evil_eye, layout_basic, serial_rivers,
          chequers_serial_rivers_small_3, chequers_serial_rivers_room_a,
          chequers_serial_rivers_small_a, chequers_serial_rivers_small_3,
          chequers_serial_rivers_small_3

Skill      XL: |  1  2  3  4  5 |
---------------+----------------+-----
Invocations    | 1 2 |  2.0
Short Blades   | 1 |  1.8
Long Blades    | 1 |  1.8
Maces & Flails | 1 |  1.8
Polearms       | 1 |  1.8
Staves         | 1 |  1.8
Ranged Weapons | 1 |  1.8
Throwing       | 1 |  1.8
Armour         | 1 |  1.8
Dodging        | 1 |  1.8
Stealth        | 1 |  1.8
Shields        | 1 |  1.8
Unarmed Combat | 1 |  1.8
Evocations     | 1 |  1.8
Spellcasting   | 3 |  3.3
Conjurations   | 1 |  1.4
Hexes          | 1 |  1.4
Summonings     | 1 |  1.4
Necromancy     | 1 |  1.4
Translocations | 1 |  1.4
Transmutations | 1 |  1.4
Ice Magic      | 1 |  1.4
Air Magic      | 1 |  1.4
Earth Magic    | 1 |  1.4
Poison Magic   | 1 |  1.4
Fighting       | |  6.8
Axes           | |  6.8
Fire Magic     | |  5.6

Action                     |  1- 3 |  4- 6 || total
---------------------------+-------+-------++-------
  Melee: Dagger            |    69 |    57 ||   126
         Bite              |    14 |     4 ||    18
         Hand axe          |     1 |       ||     1
         Punch             |       |     2 ||     2
  Throw: Dart              |       |     5 ||     5
         Stone             |       |     3 ||     3
   Cast: Scorch            |    19 |    15 ||    34
 Invoke: Fiery Armour      |       |     1 ||     1
    Use: Potion            |       |     1 ||     1
 Armour: Leather armour    |    11 |       ||    11
         Ring mail         |    17 |    20 ||    37
  Dodge: Dodged            |    56 |    32 ||    88
